 Dungeon Crawl Stone Soup version 0.13.0 (webtiles) character file.

343 Malachi the Slasher (level 5, -2/41 HPs)
             Began as a Vampire Fighter on Oct 10, 2013.
             Slain by an orc
             ... wielding a -1,+0 orcish flail
              (6 damage)
             ... on Level 4 of the Dungeon on Oct 12, 2013.
             The game lasted 00:05:50 (2322 turns).

Malachi the Slasher (Vampire Fighter)               Turns: 2322, Time: 00:05:51

HP  -2/41        AC  6     Str 16      XL: 5   Next: 35%
MP   5/5         EV  6     Int 10      God:
Gold 161         SH 18     Dex 13      Spells:  0 memorised,  4 levels left

Res.Fire  : + . .   See Invis. : +   a - +1,+0 falchion
Res.Cold  : + . .   Warding    : .   b - +0 scale mail
Life Prot.: . . .   Conserve   : .   c - +0 shield
Res.Poison: .       Res.Corr.  : .   (no helmet)
Res.Elec. : .       Clarity    : .   (no cloak)
Sust.Abil.: . .     Spirit.Shd : .   (no gloves)
Res.Mut.  : .       Stasis     : .   (no boots)
Res.Rott. : .       Flight     : .   (no amulet)
Saprovore : . . .                    o - ring of protection from cold
                                     p - ring of protection from fire

@: regenerating quickly, mildly poisoned, slightly resistant to hostile
enchantments, extremely unstealthy
A: fangs 3, see invisible, unbreathing
a: no special abilities


You were on level 4 of the Dungeon.
You were very full.

You visited 1 branch of the dungeon, and saw 4 of its levels.

You collected 141 gold pieces.

Inventory:

Hand weapons
 a - a +1,+0 falchion (weapon)
 v - a +0,+0 orcish flail of protection
Missiles
 s - 8 silver javelins (quivered)
Armour
 b - a +0 scale mail (worn)
 c - a +0 shield (worn)
Scrolls
 e - 2 scrolls of fog {unknown}
 f - 2 scrolls of enchant weapon I
 h - 2 scrolls of curse weapon {unknown}
 k - a scroll of recharging {unknown}
 n - a scroll of enchant armour {unknown}
 q - a scroll of enchant weapon II {unknown}
 u - a scroll of noise {unknown}
 x - a scroll of remove curse
Jewellery
 i - an uncursed ring of wizardry
 l - an uncursed amulet of conservation {unknown}
 o - a ring of protection from cold (right hand)
 p - a ring of protection from fire (left hand)
 t - a cursed -2 ring of dexterity {unknown}
Potions
 d - a potion of coagulated blood
 g - 5 potions of curing {unknown}
 j - a potion of restore abilities {unknown}
 m - a potion of agility {unknown}
 r - a potion of cure mutation {unknown}
 w - a potion of heal wounds {unknown}


   Skills:
 - Level 2.6 Fighting
 * Level 4.0 Long Blades
 - Level 2.4 Armour
 + Level 2.9 Dodging
 + Level 0.4 Stealth
 + Level 3.5 Shields


You had 4 spell levels left.
You didn't know any spells.

Dungeon Overview and Level Annotations

Branches:
Dungeon (4/27)
 Temple: D:4-7

Altars:
Cheibriados
Nemelex Xobeh
Vehumet


Innate Abilities, Weirdness & Mutations

Your natural rate of healing is unusually fast.
You have razor-sharp teeth.*
You have supernaturally acute eyesight.
You can survive without breathing.*


Message History

You block the orc's attack.
Your scale mail prevents you from hitting the orc wizard.
The orc wizard is almost dead.
The orc wizard gestures at you while chanting.
The magic dart hits you!
* * * LOW HITPOINT WARNING * * *
You block the orc's attack.
The orc wizard gestures at you while chanting.
The puff of flame hits you! You resist.
* * * LOW HITPOINT WARNING * * *
You slash the orc wizard!
You kill the orc wizard!
Your Long Blades skill increases to level 4!
The orc hits you from afar with an orcish trident.
* * * LOW HITPOINT WARNING * * *
You barely miss the orc.
The orc hits you from afar with an orcish trident.
* * * LOW HITPOINT WARNING * * *
The orc hits you with an orcish flail.
You die...

.# .# ##.#
###########..#####
..>................
.#..........o######.#
........<..oog......#
....####.###o#####..#
#.# #@#
#.#...........
..#.#.#####.. ###.#.#
. #.. .# ### ..


You could see a gnoll and 4 orcs.

Vanquished Creatures
  An orc wizard (D:4)
  Jessica (D:3)
  6 adders
  2 gnolls (D:4)
  A worm (D:2)
  An ooze (D:2)
  2 orcs (D:3)
  7 bats
  6 giant cockroaches
  8 goblins
  6 hobgoblins
  3 jackals (D:1)
  2 quokkas (D:3)
  A ball python (D:3)
  A giant gecko (D:3)
  4 giant newts
  9 kobolds
  6 rats
67 creatures vanquished.

Notes
Turn   | Place    | Note
--------------------------------------------------------------
     0 | D:1      | Malachi, the Vampire Fighter, began the quest for the Orb.
     0 | D:1      | Reached XP level 1. HP: 18/18 MP: 1/1
   197 | D:1      | Reached XP level 2. HP: 13/24 MP: 2/2
   298 | D:1      | Reached skill level 3 in Shields
   707 | D:2      | Reached XP level 3. HP: 27/29 MP: 3/3
   779 | D:2      | Reached skill level 1 in Dodging
  1247 | D:2      | Reached XP level 4. HP: 33/36 MP: 4/4
  1457 | D:3      | Upgraded the game from 0.13-b1-54-gfe00c74 to 0.13.0
  1706 | D:3      | Found a radiant altar of Vehumet.
  1731 | D:3      | Found a snail-covered altar of Cheibriados.
  1880 | D:3      | Noticed Jessica
  1881 | D:3      | Found a sparkling altar of Nemelex Xobeh.
  1886 | D:3      | Killed Jessica
  2306 | D:4      | Reached XP level 5. HP: 25/41 MP: 5/5
  2321 | D:4      | Reached skill level 4 in Long Blades
  2322 | D:4      | Slain by an orc

Action                   |  1- 3 |  4- 6 || total
-------------------------+-------+-------++-------
Melee: Falchion          |   133 |   130 ||   263
       Flail             |       |     1 ||     1
  Use: Scroll            |     7 |       ||     7
